 Dungeon Crawl Stone Soup version 0.30-a0-937-ga0a21ad780 (webtiles) character file.

Game seed: 2589604900189917887

50 ThatPearl the Chopper (level 3, -4/26 (31) HPs)
             Began as a Gnoll Reaver on Mar 25, 2023.
             Slain by a gnoll
             ... wielding a +0 club
              (6 damage)
             ... on level 3 of the Dungeon.
             The game lasted 00:04:45 (911 turns).

ThatPearl the Chopper (Gnoll Reaver)                 Turns: 911, Time: 00:04:46

HP:   -4/26 (31)    AC:  5    Str: 11    XL:     3   Next: 79%
MP:   4/9           EV: 11    Int: 14    God:
Gold: 47            SH:  0    Dex: 10    Spells: 9/12 levels left

rFire   . . .      SeeInvis .    a - +0 hand axe
rCold   . . .      Faith    .    (no shield)
rNeg    . . .      Spirit   .    f - +0 ring mail
rPois   .          Reflect  .    (no helmet)
rElec   .          Rampage  .    (no cloak)
rCorr   .                        (no gloves)
Will    .....                    (no boots)
Stlth   +                        (no amulet)
HPRegen 0.24/turn                (no ring)
MPRegen 0.11/turn                (no ring)

@: heavily drained
A: fangs 1, strong nose, distributed training
a: no special abilities


You were on level 3 of the Dungeon.
You visited 1 branch of the dungeon, and saw 3 of its levels.

You collected 47 gold pieces.

Inventory:

Hand Weapons
 a - a +0 hand axe (weapon)
Missiles
 c - 12 stones (quivered)
Armour
 f - a +0 ring mail (worn)
Scrolls
 d - 2 scrolls of identify {unknown}
 e - a scroll of teleportation {unknown}
 g - a scroll of magic mapping {unknown}
 h - a scroll of torment {unknown}
Potions
 b - a potion of ambrosia {unknown}


   Skills:
 + Level 4.6 Fighting
 + Level 1.0 Short Blades
 + Level 1.0 Long Blades
 + Level 6.5 Axes
 + Level 1.0 Maces & Flails
 + Level 1.0 Polearms
 + Level 1.0 Staves
 + Level 1.0 Ranged Weapons
 + Level 1.0 Throwing
 + Level 1.0 Armour
 + Level 4.6 Dodging
 + Level 1.0 Stealth
 + Level 1.0 Shields
 + Level 1.0 Unarmed Combat
 + Level 5.0 Spellcasting
 + Level 5.4 Conjurations
 + Level 0.7 Hexes
 + Level 0.7 Summonings
 + Level 0.7 Necromancy
 + Level 0.7 Translocations
 + Level 0.7 Transmutations
 + Level 0.7 Fire Magic
 + Level 0.7 Ice Magic
 + Level 0.7 Air Magic
 + Level 0.7 Earth Magic
 + Level 0.7 Poison Magic
 + Level 1.0 Invocations
 + Level 1.0 Evocations


You had 9 spell levels left.
You knew the following spells:

 Your Spells              Type           Power      Damage    Failure   Level
a - Kiss of Death         Conj/Necr      48%        2d9       12%         1
b - Momentum Strike       Conj/Tloc      24%        3d8       17%         2

Your spell library contained the following spells:

 Spells                   Type           Power      Damage    Failure   Level
 Hailstorm                Conj/Ice       12%        3d5       34%         3


Dungeon Overview and Level Annotations

Branches:
Dungeon (3/15)

Altars:
Wu Jian


Innate Abilities, Weirdness & Mutations

You have very sharp teeth.
Your uncanny sense of smell can sniff out nearby items.
Your experience applies equally to all skills.


Message History

The stone hits the gnoll but does no damage.
The gnoll is severely wounded.
Throw: 13 stones
Press: ? - help, Q - select action, (/) - cycle Shift-Dir - straight line, f/p - gnoll
Aim: a gnoll, wielding a +1 heavy spear (severely wounded, 61% to hit)
You throw a stone. The stone hits the gnoll.
The gnoll is lightly wounded.
You barely miss the gnoll.
The gnoll is lightly wounded.
The gnoll hits you but does no damage. The gnoll misses you.
You barely miss the gnoll.
The gnoll is lightly wounded.
You are no longer robbed of momentum.
The gnoll closely misses you.
The gnoll hits you from afar with a +1 heavy spear!
Ouch! That really hurt!
* * * LOW HITPOINT WARNING * * *
The gnoll misses you.
You climb downwards.
Found a smoky purple potion and 11 gold pieces.
Found an escape hatch in the ceiling.
There is a stone staircase leading up here.
Casting: Kiss of Death (safe; 12% risk of failure)
Confirm with . or Enter, or press ? or * to list all spells.
Aiming: Momentum Strike (safe; 17% risk of failure)
Press: ? - help, Dir - move target, f - gnoll
Aim: a gnoll, wielding a +0 club (lightly wounded, 75% to hit)
The concentrated momentum misses the gnoll.
The gnoll closely misses you.
You hit the gnoll.
The gnoll is heavily wounded.
The gnoll barely misses you.
You closely miss the gnoll.
The gnoll is heavily wounded.
The gnoll hits you with a +0 club.
* * * LOW HITPOINT WARNING * * *
You hit the gnoll but do no damage.
The gnoll is moderately wounded.
The gnoll hits you with a +0 club.
You die...

##### # ....
... .!# .
#..##.###...#
#...g@.......
##.##.###....
#<# # ..$ ∆
... ∆ ##.##
... ..#


You could see a gnoll.

Vanquished Creatures
  An adder (D:2)
  A worm (D:2)
  A dart slug (D:2)
  3 ball pythons
  4 bats (D:1)
  2 endoplasms (D:1)
  A giant cockroach (D:1)
  4 hobgoblins
  4 jackals (D:2)
  A quokka (D:2)
  3 goblins
  4 kobolds
  4 rats
33 creatures vanquished.

Vanquished Creatures (others)
  22 plants (D:1)
22 creatures vanquished.

Grand Total: 55 creatures vanquished

Notes
Turn   | Place    | Note
-------+----------+-------------------------------------------
     0 | D:1      | ThatPearl the Gnoll Reaver began the quest for the Orb.
     0 | D:1      | Reached XP level 1. HP: 20/20 MP: 6/6
   174 | D:1      | Reached XP level 2. HP: 25/26 MP: 7/7
   177 | D:1      | Learned a level 2 spell: Momentum Strike
   546 | D:2      | Reached skill level 5 in Spellcasting
   546 | D:2      | Reached XP level 3. HP: 28/31 MP: 7/9
   553 | D:2      | Reached skill level 1 in Invocations
   737 | D:2      | Reached skill level 1 in Short Blades
   737 | D:2      | Reached skill level 1 in Long Blades
   737 | D:2      | Reached skill level 1 in Maces & Flails
   737 | D:2      | Reached skill level 1 in Polearms
   737 | D:2      | Reached skill level 1 in Staves
   737 | D:2      | Reached skill level 1 in Ranged Weapons
   737 | D:2      | Reached skill level 1 in Throwing
   737 | D:2      | Reached skill level 1 in Armour
   737 | D:2      | Reached skill level 1 in Stealth
   737 | D:2      | Reached skill level 1 in Shields
   737 | D:2      | Reached skill level 1 in Unarmed Combat
   737 | D:2      | Reached skill level 1 in Evocations
   799 | D:2      | Found an ornate altar of the Wu Jian Council.
   910 | D:3      | HP: 1/26 [gnoll/+0 club (3)]
   911 | D:3      | Slain by a gnoll

Illustrated notes

Levels and vault maps discovered:
D:1:      roderic_crop_circles_arrival_small, layout_rooms
D:2:      layout_loops_ring, basic_altar, hangedman_decor_riveting
D:3:      layout_basic, mainiacjoe_overflow_tiny_flanked, serial_shops, shop,
          basic_ecumenical_altar

Skill      XL: |  1  2  3 |
---------------+----------+-----
Spellcasting   | 5 |  5.0
Invocations    | 1 |  1.0
Short Blades   | 1 |  1.0
Long Blades    | 1 |  1.0
Maces & Flails | 1 |  1.0
Polearms       | 1 |  1.0
Staves         | 1 |  1.0
Ranged Weapons | 1 |  1.0
Throwing       | 1 |  1.0
Armour         | 1 |  1.0
Stealth        | 1 |  1.0
Shields        | 1 |  1.0
Unarmed Combat | 1 |  1.0
Evocations     | 1 |  1.0
Fighting       | |  4.6
Axes           | |  6.5
Dodging        | |  4.6
Conjurations   | |  5.4
Hexes          | |  0.7
Summonings     | |  0.7
Necromancy     | |  0.7
Translocations | |  0.7
Transmutations | |  0.7
Fire Magic     | |  0.7
Ice Magic      | |  0.7
Air Magic      | |  0.7
Earth Magic    | |  0.7
Poison Magic   | |  0.7

Action                     || total
---------------------------++-------
  Melee: Hand axe          ||   116
         Bite              ||    11
         Punch             ||     1
  Throw: Stone             ||     5
   Cast: Momentum Strike   ||     4
         Kiss of Death     ||     1
 Armour: Leather armour    ||    23
         Ring mail         ||    17
  Dodge: Dodged            ||    80

Table legend: (Time is in decaauts)
 A = Elapsed time spent in this place.
 B = Non-inter-level travel time spent in this place.
 C = Inter-level travel time spent in this place.
 D = Time resting spent in this place.
 E = Time spent auto-exploring this place.
 F = Levels seen in this place.
 G = Mean time per level.
                   A        B        C        D        E       F      G
               +--------+--------+--------+--------+--------+-----+--------+
         Total |    909 |    885 |     24 |      0 |    609 |   3 |  303.0 |
       Dungeon |    909 |    885 |     24 |      0 |    609 |   3 |  303.0 |
               +--------+--------+--------+--------+--------+-----+--------+

Top non-repeatable levels by time:
     D:1: 533 daAuts
     D:2: 372 daAuts
     D:3: 3 daAuts
